 Dungeon Crawl Stone Soup version 0.27-a0-1219-g958d993ae5 (webtiles) character file.

Game seed: 5941945600771561666

3167 pokeman the Thaumaturge (level 9, -2/45 (48) HPs)
             Began as a Deep Elf Hedge Wizard on June 6, 2021.
             Was an Initiate of Vehumet.
             Slain by a wight
             ... wielding a +0 scimitar
              (4 damage)
             ... on level 8 of the Dungeon.
             The game lasted 00:27:21 (10648 turns).

pokeman the Thaumaturge (Deep Elf Hedge Wizard)    Turns: 10648, Time: 00:27:21

HP:   -2/45 (48)    AC:  8    Str:  7    XL:     9   Next: 63%
MP:   0/26          EV: 13    Int: 23    God:    Vehumet [......]
Gold: 501           SH:  0    Dex: 20    Spells: 17/31 levels left

rFire    + . .     SeeInvis .   F - +5 dagger of the Tundras {freeze, Fragile rPois rF+ Will+}
rCold    . . .     Faith    .   (no shield)
rNeg     . . .     Spirit   .   O - +0 steam dragon scales
rPois    +         Reflect  .   G - +0 helmet
rElec    .         Harm     .   P - +0 cloak
rCorr    .         Rampage  .   p - +0 pair of gloves
Will     ++...                  (no boots)
Stlth    +++.......             (no amulet)
HPRegen  0.15/turn              o - +6 ring of dexterity
MPRegen  0.20/turn              M - ring of willpower

@: drained
A: no striking features
a: Renounce Religion


You were on level 8 of the Dungeon.
You worshipped Vehumet.
Vehumet was noncommittal.
You visited 2 branches of the dungeon, and saw 9 of its levels.
You also visited: Ossuary.

You collected 501 gold pieces.

Inventory:

Hand Weapons
 c - the +8 dagger of Peace {freeze, rC++ Dex+2}
   (You found it on level 5 of the Dungeon)

   It has been specially enchanted to freeze those struck by it, causing extra
   injury to most foes and up to half again as much damage against particularly
   susceptible opponents.
   It can also slow down cold-blooded creatures.
   It affects your dexterity (+2).
   It greatly protects you from cold.
 q - a +2 quarterstaff of chaos
 F - the +5 dagger of the Tundras (weapon) {freeze, Fragile rPois rF+ Will+}
   (You found it on level 4 of the Dungeon)

   It has been specially enchanted to freeze those struck by it, causing extra
   injury to most foes and up to half again as much damage against particularly
   susceptible opponents.
   It can also slow down cold-blooded creatures.
   It protects you from fire.
   It protects you from poison.
   It will be destroyed if unequipped.
   It increases your willpower.
 J - a +0 hand crossbow
 K - the +10 shortbow of Gluttony {flame, rPois rC+}
   (You took it off a kobold on level 6 of the Dungeon)

   It causes projectiles fired from it to burn those they strike, causing extra
   injury to most foes and up to half again as much damage against particularly
   susceptible opponents.
   It protects you from cold.
   It protects you from poison.
Missiles
 h - 110 bolts
 i - 68 arrows
Armour
 l - a +0 tower shield
 p - a +0 pair of gloves (worn)
 G - a +0 helmet (worn)
 O - +0 steam dragon scales (worn)
 P - a +0 cloak (worn)
Jewellery
 o - a +6 ring of dexterity (left hand)
 s - a ring of flight
 M - a ring of willpower (right hand)
Wands
 k - a wand of iceblast (7)
 r - a wand of digging (4)
 D - a wand of flame (14)
Scrolls
 a - a scroll of fear {unknown}
 b - 3 scrolls of teleportation {unknown}
 f - 5 scrolls of identify {unknown}
 g - 5 scrolls of magic mapping {unknown}
 j - 4 scrolls of fog {unknown}
 m - 2 scrolls of silence {unknown}
 t - 2 scrolls of noise {unknown}
 w - 3 scrolls of enchant weapon {unknown}
 x - a scroll of summoning
 y - 2 scrolls of immolation {unknown}
 B - 2 scrolls of enchant armour {unknown}
 C - a scroll of blinking {unknown}
 E - a scroll of brand weapon {unknown}
Potions
 d - 2 potions of cancellation {unknown}
 e - 2 potions of flight {unknown}
 n - a potion of degeneration {unknown}
 u - 3 potions of heal wounds {unknown}
 v - 2 potions of lignification {unknown}
 z - a potion of might {unknown}
 A - 3 potions of curing {unknown}
 H - a potion of mutation {unknown}
 I - a potion of invisibility {unknown}
 L - 2 potions of ambrosia {unknown}
 N - a potion of brilliance {unknown}


   Skills:
 - Level 2.0 Fighting
 + Level 2.4 Armour
 - Level 3.0 Dodging
 - Level 3.1 Stealth
 - Level 3.1 Shields
 * Level 11.8 Spellcasting
 + Level 6.6 Conjurations
 - Level 1.1 Summonings
 - Level 1.1 Translocations
 + Level 5.0 Fire Magic
 - Level 1.1 Air Magic
 - Level 2.1 Poison Magic
 - Level 1.2 Evocations


You had 17 spell levels left.
You knew the following spells:

 Your Spells              Type           Power      Damage    Failure   Level
a - Magic Dart            Conj           100%       1d8       1%          1
b - Mephitic Cloud        Conj/Pois/Air  28%        N/A       3%          3
c - Call Imp              Summ           18%        N/A       4%          2
d - Blink                 Tloc           N/A        N/A       4%          2
e - Conjure Flame         Conj/Fire      40%        6-21      1%          3
f - Swiftness             Air            18%        N/A       9%          3

Your spell library contained the following spells:

 Spells                   Type           Power      Damage    Failure   Level
 Corpse Rot               Necr/Air       N/A        N/A       5%          2
 Slow                     Hex            13%        N/A       7%          2
 Lightning Bolt           Conj/Air       15%        1d29      26%         5


Dungeon Overview and Level Annotations

Branches:
Dungeon (8/15)             Temple (1/1) D:7         Ossuary (visited)
   Lair: D:8-11

Altars:
Cheibriados
Dithmenos
Elyvilon
Fedhas
Hepliaklqana
Trog
Vehumet
Wu Jian
Yredelemnul
Zin

Shops:
D:4 =


Message History

The killer bee appears confused.
The killer bee stings the wight but does no damage.
The killer bee is engulfed in noxious fumes.
The killer bee appears confused.
The killer bee stings the wight!
The wight is destroyed!
Vehumet accepts your kill.
The killer bee is engulfed in noxious fumes.
The killer bee appears confused.
The killer bee is engulfed in noxious fumes.
The killer bee appears confused.
The killer bee is engulfed in noxious fumes.
The killer bee appears confused.
The killer bee is engulfed in noxious fumes.
The killer bee appears confused.
There is a stone staircase leading down here.
The killer bee is engulfed in noxious fumes.
The killer bee appears confused.
The killer bee stings the wyvern zombie.
The wight barely misses you.
The killer bee is engulfed in noxious fumes.
The killer bee appears confused.
The killer bee is engulfed in noxious fumes.
The killer bee appears confused.
The killer bee barely misses the wyvern zombie.
The killer bee is engulfed in noxious fumes.
The killer bee appears confused.
The killer bee stings the wight.
The killer bee is engulfed in noxious fumes.
The killer bee appears confused.
Unknown command.
The killer bee stings the howler monkey.
The howler monkey is poisoned.
The killer bee poisons the howler monkey!
The killer bee closely misses the howler monkey.
The howler monkey hoots and howls with incredible vigour!
Casting: Mephitic Cloud (dangerous; 3% risk of failure)
Confirm with . or Enter, or press ? or * to list all spells.
A beastly little devil appears in a puff of frigid air.
The killer bee barely misses the howler monkey.
The wight hits you with a +0 scimitar.
You die...

###......O..o..O..#
..)†.........Z.zZ##
###).....#######o#
.#...######### #y#
.#...)........ #.#
.#...z)....... #h#
.###.......... #.#
.###.)y....... #z#
.......y...... #@#
....#..)...... #.#
...)z......... +5#
#.O........... ###
#.............
#.............
#.............
#............
#)...########


You could see an orc warrior, a howler monkey (poisoned, catching breath), a
killer bee (confused), 2 wights, a wyvern zombie and a friendly white imp
(summoned).

Vanquished Creatures
  Maggie (D:7)
  The ghost of BartGarfuncle the Chiller, an amateur GnWn (D:4)
  Prince Ribbit (D:6)
  A wraith (Ossuary)
  Menkaure (D:7)
  An ice beast (D:6)
  2 orc warriors (D:7)
  A sky beast (D:5)
  An ogre (D:5)
  A black bear (D:4)
  A necrophage (D:5)
  A phantom (D:6)
  A kobold brigand (D:6)
  A bullfrog (D:7)
  A gnoll sergeant (D:6)
  2 scorpions (D:5)
  A water moccasin zombie (D:6)
  4 killer bees (D:8)
  A water moccasin skeleton (D:7)
  4 wights
  3 howler monkeys
  A bullfrog zombie (D:4)
  A centaur zombie (D:6)
  2 centaur skeletons (D:4)
  A jelly (D:6)
  2 hounds
  5 orc priests
  Crazy Yiuf (D:7)
  A bullfrog skeleton (D:4)
  2 iguanas (D:5)
  Natasha (twice) (D:3)
  5 orc wizards
  3 mummies (Ossuary)
  4 gnolls (D:6)
  4 adders
  An ufetubus (D:4)
  A worm (D:3)
  3 dart slugs
  15 orcs
  8 ball pythons
  4 endoplasms
  7 giant cockroaches
  A gnoll zombie (Ossuary)
  9 hobgoblins
  4 jackals
  18 kobolds
  2 quokkas (D:2)
  A bat (D:1)
  9 frilled lizards
  10 goblins
  3 goblin zombies (Ossuary)
  3 hobgoblin zombies (Ossuary)
  2 kobold zombies (Ossuary)
  A quokka zombie (D:4)
  7 rats
  A rat zombie (D:4)
175 creatures vanquished.

Vanquished Creatures (collateral kills)
  An orc wizard (D:8)
1 creature vanquished.

Grand Total: 176 creatures vanquished

Notes
Turn   | Place    | Note
-------+----------+-------------------------------------------
     0 | D:1      | pokeman the Deep Elf Hedge Wizard began the quest for the
                  | Orb.
     0 | D:1      | Reached XP level 1. HP: 10/10 MP: 7/7
   262 | D:1      | Reached XP level 2. HP: 4/16 MP: 1/9
   803 | D:1      | Reached skill level 5 in Spellcasting
   993 | D:1      | Reached XP level 3. HP: 20/20 MP: 6/11
  1000 | D:1      | Learned a level 3 spell: Mephitic Cloud
  1003 | D:1      | Learned a level 2 spell: Call Imp
  1006 | D:1      | Learned a level 2 spell: Blink
  1011 | D:1      | Learned a level 3 spell: Conjure Flame
  1791 | D:2      | Reached skill level 1 in Armour
  1831 | D:2      | Reached skill level 1 in Fighting
  2280 | D:2      | Reached XP level 4. HP: 25/25 MP: 5/13
  2815 | D:3      | Found a faded altar of an unknown god.
  2930 | D:3      | Noticed Natasha
  2939 | D:3      | Killed Natasha
  2940 | D:3      | Reached skill level 1 in Fire Magic
  2970 | D:3      | Noticed Natasha
  3052 | D:3      | Killed Natasha
  3053 | D:3      | Reached skill level 6 in Spellcasting
  3053 | D:3      | Reached XP level 5. HP: 29/29 MP: 9/15
  3182 | D:3      | Found a snail-covered altar of Cheibriados.
  3600 | D:4      | Found a sand-covered staircase.
  3607 | Ossuary  | Entered an ossuary
  3607 | Ossuary  | Noticed a wraith
  3607 | Ossuary  | Noticed a wraith
  3607 | Ossuary  | Noticed a wraith
  3951 | Ossuary  | Noticed a wraith
  3976 | Ossuary  | Killed a wraith
  3977 | Ossuary  | Reached skill level 1 in Shields
  3977 | Ossuary  | Reached XP level 6. HP: 22/34 MP: 5/17
  4765 | D:4      | Reached skill level 7 in Spellcasting
  4765 | D:4      | Reached skill level 1 in Evocations
  4900 | D:4      | Reached skill level 1 in Air Magic
  5217 | D:4      | Identified the +5 dagger of the Tundras {freeze, Fragile
                  | rPois rF+ Will+}
  5342 | D:4      | Found a runed translucent gate.
  5342 | D:4      | Found a runed translucent gate.
  5344 | D:4      | Noticed BartGarfuncle's ghost (amateur GnWn)
  5346 | D:4      | Found a runed translucent gate.
  5357 | D:4      | Found Kyostreagg's Jewellery Shoppe.
  5369 | D:4      | Found a hazy altar of Hepliaklqana.
  5391 | D:4      | Found a white marble altar of Elyvilon.
  5832 | D:4      | Killed BartGarfuncle's ghost
  5833 | D:4      | Reached skill level 8 in Spellcasting
  5833 | D:4      | Reached skill level 1 in Poison Magic
  5833 | D:4      | Reached XP level 7. HP: 22/38 MP: 10/20
  6160 | D:5      | Entered Level 5 of the Dungeon
  6440 | D:5      | Reached skill level 9 in Spellcasting
  6440 | D:5      | Reached XP level 8. HP: 44/44 MP: 12/23
  6511 | D:5      | Identified the +8 dagger of Peace {freeze, rC++ Dex+2}
  7685 | D:6      | Reached skill level 5 in Conjurations
  8057 | D:6      | Reached skill level 10 in Spellcasting
  8481 | D:6      | Found a blossoming altar of Fedhas.
  8523 | D:6      | Identified the +10 shortbow of Gluttony {flame, rPois rC+}
  8727 | D:7      | Noticed Maggie
  8853 | D:6      | Reached XP level 9. HP: 30/45 MP: 3/25
  8952 | D:7      | Noticed Prince Ribbit
  8969 | D:6      | Killed Prince Ribbit
  9303 | D:7      | Found a bloodstained altar of Trog.
  9304 | D:7      | Noticed Menkaure
  9311 | D:7      | Killed Menkaure
  9312 | D:7      | Reached skill level 11 in Spellcasting
  9356 | D:7      | Found an ornate altar of the Wu Jian Council.
  9393 | D:7      | Found a staircase to the Ecumenical Temple.
  9424 | Temple   | Entered the Ecumenical Temple
  9439 | Temple   | Became a worshipper of Vehumet
  9670 | D:7      | Killed Maggie
  9789 | D:7      | Found a runed translucent door.
  9790 | D:7      | Noticed Crazy Yiuf
  9801 | D:7      | Killed Crazy Yiuf
 10265 | D:8      | Noticed a two-headed ogre
 10360 | D:8      | Identified the Catalogue of the Fulmar
 10366 | D:8      | Learned a level 3 spell: Swiftness
 10622 | D:8      | Reached skill level 5 in Fire Magic
 10638 | D:8      | HP: 1/45 [killer bee (3)]
 10648 | D:8      | Slain by a wight

Illustrated notes

Levels and vault maps discovered:
D:1:      dpeg_arrival_simpleton_a, layout_basic,
          chequers_serial_rivers_large_a, minivault_26
D:2:      layout_basic, grunt_ministairs_2, minmay_worlds_worst_comb
D:3:      layout_rooms, nicolae_overflow_crystal_walls,
          ebering_ecumenical_altar_sacrificial, uniq_natasha
D:4:      layout_cave_pods, general_overflow_altar, kennysheep_mini,
          enter_ossuary_4, serial_shops, nicolae_shop_behind_doors,
          gammafunk_ghost_necromancy
D:5:      layout_loops_ring, minmay_hedge_maze, grunt_decor_arrowhead
D:6:      layout_basic, fedhas_altar_4, minivault_19, grunt_decor_one_mirror,
          minmay_misc_feat_square
D:7:      layout_rooms, nicolae_wu_jian_immortal_techniques,
          overflow_temple_1_default, minmay_temple_entry_wispy, uniq_maggie,
          uniq_prince_ribbit1, uniq_crazy_yiuf_cottage, uniq_menkaure
D:8:      minmay_chambers_of_fours, layout_basic
Temple:   regret_index_temple_waves

Skill      XL: |  1  2  3  4  5  6  7  8  9 |
---------------+----------------------------+-----
Spellcasting   | 5 6 8 9 10 11 | 11.8
Armour         | 1 2 |  2.4
Fighting       | 1 2 |  2.0
Conjurations   | 2 3 4 5 6 |  6.6
Fire Magic     | 1 3 5 |  5.0
Dodging        | 3 |  3.0
Stealth        | 3 |  3.1
Shields        | 1 2 3 |  3.1
Evocations     | 1 |  1.2
Air Magic      | 1 |  1.1
Poison Magic   | 1 2 |  2.1
Summonings     | |  1.1
Translocations | |  1.1

Action                   |  1- 3 |  4- 6 |  7- 9 || total
-------------------------+-------+-------+-------++-------
Melee: Dagger            |    29 |    18 |    56 ||   103
 Cast: Magic Dart        |   122 |   164 |   209 ||   495
       Mephitic Cloud    |       |     2 |    25 ||    27
       Call Imp          |       |     5 |     8 ||    13
       Conjure Flame     |       |     4 |    20 ||    24
       Blink             |       |     1 |    10 ||    11
Evoke: Wand              |       |     4 |       ||     4
 Stab: Confused          |       |       |     4 ||     4
Armor: Robe              |     8 |     2 |       ||    10
       Leather armour    |       |    11 |    14 ||    25
       Steam dragon scal |       |       |     4 ||     4
Dodge: Dodged            |    46 |    25 |    77 ||   148

Table legend: (Time is in decaauts)
 A = Elapsed time spent in this place.
 B = Non-inter-level travel time spent in this place.
 C = Inter-level travel time spent in this place.
 D = Time resting spent in this place.
 E = Time spent auto-exploring this place.
 F = Levels seen in this place.
 G = Mean time per level.
                   A        B        C        D        E       F      G
               +--------+--------+--------+--------+--------+-----+--------+
         Total |  10655 |  10397 |    258 |    539 |   8251 |  10 | 1065.5 |
       Dungeon |   9575 |   9329 |    246 |    536 |   7365 |   8 | 1196.9 |
        Temple |     28 |     16 |     12 |      0 |     13 |   1 |   28.0 |
       Ossuary |   1051 |   1051 |      0 |      3 |    873 |   1 | 1051.0 |
               +--------+--------+--------+--------+--------+-----+--------+

Top non-repeatable levels by time:
     D:6: 1716 daAuts
     D:4: 1621 daAuts
     D:1: 1474 daAuts
     D:2: 1306 daAuts
     D:5: 1203 daAuts
     D:7: 1177 daAuts
 Ossuary: 1051 daAuts
     D:3: 711 daAuts
     D:8: 363 daAuts
  Temple: 28 daAuts
